Map: Lost and Found LE

Players

Starman

  • Race: Terran Terran
  • League: Diamond
  • Spawn Location: 7:00

FuryCat - Winner!

  • Race: Zerg Zerg
  • League: Platinum
  • Spawn Location: 1:00

VOD

Have the link to the VOD?

Description

Time

  • Played on: Aug. 8, 2018, 4 p.m.
  • Length: 29:40
Show
View Real Time Build Order
Export as new Build Order

Starman Terran 

Build Orders: Bio Tank 

Get SALT Encoding   

  12  0:03  SCV  
  13  0:15  SCV  
  14  0:21  Supply Depot  
  14  0:27  SCV  
  15  0:42  Refinery  
  15  0:43  SCV  
  15  0:45  Barracks  
  16  0:56  SCV  
  17  1:07  Refinery  
  17  1:08  SCV  
  18  1:22  SCV  
  19  1:32  Supply Depot  
  19  1:35  SCV  
  20  1:42  Factory  
  20  1:47  SCV  
  21  1:54  Barracks Reactor  
  21  1:59  SCV  
  22  2:11  Orbital Command  
  22  2:28  Factory Tech Lab  
  22  2:32  Starport, Marine x2  
  24  2:37  SCV  
  25  2:53  SCV, Command Center  
  29  2:58  Siege Tank  
  29  3:01  Marine  
  29  3:03  Marine  
  31  3:13  Supply Depot  
  31  3:34  Marine x2, Medivac  
  35  3:43  SCV  
  35  3:44  Siege Tank  
  39  3:57  Bunker  
  39  4:04  Marine x2  
  39  4:05  Medivac  
  42  4:14  SCV  
  42  4:16  Siege Tank  
  46  4:26  Supply Depot  
  46  4:27  SCV  
  46  4:28  Barracks  
  47  4:39  SCV  
  47  4:44  Viking  
  50  4:47  SCV  
  50  4:48  Siege Tank  
  54  4:55  Supply Depot, SCV  
  55  5:19  Supply Depot  
  55  5:20  SCV  
  57  5:23  Orbital Command  
  57  5:24  Liberator  
  56  5:31  Barracks Tech Lab  
  56  5:32  SCV  
  56  5:35  Barracks  
  57  5:40  Siege Tank  
  57  5:42  Marine  
  63  5:43  Marine  
  63  5:44  SCV  
  63  5:49  SCV  
  67  6:01  SCV x2  
  67  6:03  Engineering Bay  
  69  6:13  SCV  
  70  6:35  Marine x3  
  70  6:36  SCV  
  70  6:37  SCV  
  70  6:38  Barracks Reactor  
  70  6:39  Stimpack  
  75  6:45  Engineering Bay  
  75  6:51  Sensor Tower  
  75  6:53  Marine x3  
  78  7:40  Refinery  
  78  7:41  Refinery  
  78  8:01  Liberator  
  78  8:05  Marine x3  
  78  8:13  Supply Depot  
  78  8:18  Marine x2  
  78  8:19  SCV x2  
  88  8:20  Siege Tank  
  88  8:21  Supply Depot  
  88  8:23  Marine x3  
  91  8:29  Barracks  
  91  8:30  Command Center  
  91  8:31  SCV x2  
  91  8:32  Barracks, Command Center  
  93  8:35  Terran Infantry Weapons Level 1, Terran Infantry Armor Level 1  
  93  8:36  Marine x2  
  93  8:40  Combat Shield  
  95  8:41  Marine x2  
  95  8:43  SCV x2  
  99  8:51  Marine  
  99  8:52  Siege Tank  
  99  8:54  Marine x2  
  99  8:55  SCV x2, Infernal Pre-Igniter  
  107  8:59  Marine x2  
  109  9:07  SCV  
  110  9:18  Bunker  
  110  9:19  Bunker  
  110  9:33  Barracks Reactor x2  
  110  9:34  Supply Depot  
  110  9:36  Supply Depot  
  110  9:41  Siege Tank, SCV x2, Marine x5, Medivac  
  122  9:53  SCV x2  
  122  9:59  Marine  
  125  10:01  Planetary Fortress  
  125  10:13  Siege Tank  
  125  10:25  Planetary Fortress  
  125  10:28  SCV  
  125  10:29  SCV  
  125  10:33  Supply Depot  
  125  10:34  Supply Depot  
  127  10:35  Missile Turret  
  127  10:40  SCV x2  
  127  10:41  SCV  
  130  10:52  SCV  
  130  10:53  Armory, SCV x2  
  133  11:00  Missile Turret  
  133  11:04  Missile Turret x2, SCV  
  134  11:05  SCV x2  
  134  11:07  Missile Turret  
  134  11:09  Missile Turret  
  136  11:13  Missile Turret  
  136  11:16  SCV  
  136  11:17  SCV x2  
  139  11:22  Missile Turret  
  139  11:30  Bunker  
  139  11:39  Command Center  
  139  11:43  Refinery  
  139  11:44  Bunker, Marine x9  
  139  11:46  Refinery, Command Center  
  148  11:48  Thor  
  148  11:51  Starport Reactor, Bunker  
  154  12:01  Marine  
  155  12:14  Starport  
  155  12:17  Sensor Tower  
  155  12:24  Missile Turret  
  155  12:31  Viking x2  
  159  12:38  Terran Infantry Armor Level 2, Terran Infantry Weapons Level 2  
  151  13:01  Viking x2  
  155  13:31  Viking x2  
  153  13:42  Siege Tank  
  117  14:01  Viking  
  119  14:04  Factory  
  119  14:05  Factory  
  119  14:08  Starport Reactor  
  119  14:13  Planetary Fortress x2  
  119  14:14  Siege Tank  
  119  14:16  SCV x4  
  126  14:23  Bunker  
  126  14:28  SCV x4  
  126  14:30  Supply Depot  
  130  14:40  SCV x4  
  130  14:42  Terran Vehicle And Ship Armor Level 1  
  130  14:43  Armory  
  134  14:46  Siege Tank  
  134  14:52  SCV x4  
  141  14:53  Bunker, Supply Depot  
  141  14:54  Bunker, SCV x2  
  143  15:04  SCV x3  
  146  15:10  Viking x2  
  146  15:11  Viking x2  
  146  15:13  Factory Tech Lab x2  
  154  15:15  Marine x5  
  154  15:16  Supply Depot, Marine x2  
  154  15:18  Siege Tank  
  154  15:19  Refinery x2  
  164  15:24  Bunker x2  
  164  15:41  Thor  
  164  15:42  Thor  
  174  15:44  Viking x4  
  174  15:45  Marine x3  
  174  15:46  Marine  
  174  15:47  Marine  
  174  15:48  Marine  
  188  15:50  Siege Tank  
  188  15:54  Bunker  
  159  16:15  SCV x5  
  150  16:22  Siege Tank  
  153  16:27  SCV x5  
  158  16:35  Marine x2  
  158  16:36  Sensor Tower, Marine x3  
  158  16:39  SCV x3  
  166  16:48  Terran Vehicle And Ship Armor Level 2  
  166  16:49  Terran Vehicle Weapons Level 1  
  160  17:29  Liberator x2  
  135  17:34  Orbital Command  
  118  17:39  Marine  
  118  17:40  Marine x8  
  118  17:44  Siege Tank x3  
  124  17:57  Marine x3  
  123  18:02  SCV x2  
  125  18:16  Hellbat x3  
  131  18:29  Viking x2  
  131  18:30  Viking x2  
  131  18:33  Starport, Marine x3  
  131  18:34  Marine x3  
  142  18:37  SCV x2, Hellbat  
  142  18:38  SCV, Hellbat x2  
  154  18:53  SCV x2  
  154  18:54  SCV x2  
  158  19:03  Liberator  
  158  19:07  Command Center  
  158  19:08  Sensor Tower  
  158  19:14  Hellbat  
  158  19:15  Hellbat x2  
  167  19:31  Starport Tech Lab  
  167  19:35  Siege Tank  
  167  19:36  Siege Tank x2  
  162  19:47  Marine x2  
  139  19:54  Viking  
  139  19:55  Viking x2  
  139  20:04  Raven  
  139  20:05  Viking  
  135  20:24  Viking  
  135  20:25  Viking x2  
  141  20:42  Terran Vehicle And Ship Armor Level 3, Terran Vehicle Weapons Level 2  
  141  20:54  Fusion Core  
  141  20:59  Starport  
  141  21:07  Planetary Fortress  
  141  21:16  Marine x3  
  141  21:17  Marine x6  
  150  21:32  Liberator  
  150  21:33  Liberator x3  
  150  21:34  SCV x3, Marine x3  
  156  21:40  SCV  
  156  21:42  Refinery  
  156  21:44  Refinery  
  156  21:46  SCV x3  
  160  21:47  Command Center  
  160  21:52  Banshee  
  175  22:03  Missile Turret x2  
  147  22:25  SCV  
  147  22:26  SCV x4  
  145  22:34  Banshee  
  148  22:37  SCV  
  148  22:38  SCV x4  
  153  22:49  SCV  
  153  22:50  SCV x4  
  153  22:51  Starport Tech Lab  
  158  22:53  Weapon Refit  
  158  23:01  SCV  
  158  23:02  SCV  
  158  23:03  SCV  
  161  23:17  Banshee  
  141  23:59  Liberator x2  
  136  24:09  Marine x7  
  137  24:10  Marine x2  
  137  24:12  Siege Tank x3  
  137  24:15  Banshee x2  
  163  24:17  Viking  
  163  24:18  Viking  
  163  24:23  Planetary Fortress  
  167  24:24  SCV x2  
  167  24:25  SCV x2  
  167  24:27  Marine x9  
  179  24:44  Marine, Hellbat x2  
  179  24:45  Hellbat  
  167  24:49  Marine x4  
  167  24:51  Marine  
  167  24:52  Marine x3  
  146  24:58  Banshee x2  
  146  24:59  SCV  
  148  25:00  SCV x3  
  148  25:02  Marine  
  148  25:03  SCV  
  148  25:04  SCV  
  148  25:07  Marine x4  
  149  25:09  Marine x4  
  149  25:12  SCV x4  
  161  25:15  SCV  
  161  25:16  SCV  
  161  25:20  Marine  
  164  25:23  Command Center  
  164  25:24  SCV x4, Marine  
  164  25:28  SCV x2  
  171  25:36  SCV x4  
  171  25:40  Raven, SCV  
  171  25:41  Raven  
  172  25:58  Medivac x4  
  151  26:10  SCV  
  151  26:11  SCV x2, Liberator  
  140  26:12  Refinery  
  140  26:14  Refinery  
  140  26:23  Raven  
  140  26:24  Viking  
  144  26:28  Viking x3  
  153  26:36  Marine  
  153  26:37  Marine x7  
  161  26:40  Liberator  
  161  26:41  Liberator x2  
  161  26:45  Planetary Fortress  
  168  27:08  Marine  
  116  27:31  Battlecruiser  
  116  27:35  Battlecruiser  
  114  28:08  Marine x9  
  114  28:11  Hellbat x3  
  129  28:20  Refinery  
  129  28:26  Marine x7  
  136  28:32  Hellbat x2  
  136  28:33  Hellbat  
  136  28:35  Battlecruiser  
  136  28:38  Raven  
Show
View Real Time Build Order
Export as new Build Order

FuryCat Zerg - Winner!

Build Orders: Hatch First 

Get SALT Encoding   

  12  0:02  Drone  
  13  0:14  Overlord  
  13  0:19  Drone  
  14  0:39  Drone x3  
  17  0:57  Drone  
  17  0:58  Hatchery  
  17  1:11  Spawning Pool  
  16  1:15  Drone  
  17  1:21  Drone  
  17  1:24  Extractor  
  18  1:32  Drone  
  18  1:37  Drone  
  19  1:45  Drone  
  20  1:56  Drone  
  21  2:06  Queen  
  21  2:07  Overlord, Extractor  
  22  2:13  Queen  
  22  2:15  Drone  
  26  2:17  Zergling x2  
  27  2:24  Drone  
  28  2:32  Metabolic Boost  
  28  2:34  Drone x2  
  30  2:47  Queen  
  30  2:48  Overlord  
  32  2:52  Drone x2  
  32  2:54  Queen  
  36  3:07  Drone x3  
  39  3:15  Drone x3  
  42  3:24  Drone x2  
  42  3:26  Overlord  
  44  3:42  Overlord  
  44  3:43  Queen x2  
  44  3:47  Overlord  
  48  3:55  Drone x4  
  52  3:58  Extractor  
  52  4:02  Baneling Nest  
  50  4:05  Roach Warren  
  48  4:26  Lair  
  48  4:27  Hatchery  
  47  4:42  Extractor  
  46  4:46  Overlord  
  46  4:47  Drone x9, Evolution Chamber  
  46  4:48  Evolution Chamber  
  46  4:49  Hatchery  
  52  4:56  Extractor  
  51  5:12  Overlord  
  51  5:22  Roach x2  
  51  5:23  Zergling x6, Roach x2  
  62  5:32  Spore Crawler  
  61  5:36  Roach  
  61  5:37  Roach x4  
  71  5:51  Spine Crawler  
  71  5:54  Spine Crawler  
  71  5:55  Spore Crawler  
  68  5:57  Zergling x16  
  68  6:01  Spore Crawler  
  75  6:06  Spore Crawler  
  75  6:08  Zerg Melee Weapons Level 1  
  75  6:09  Zerg Ground Armor Level 1  
  74  6:13  Drone x6  
  80  6:36  Overlord x2  
  80  6:41  Glial Reconstitution  
  80  6:46  Overlord  
  80  6:52  Baneling x2  
  80  6:53  Baneling x3  
  80  6:54  Centrifical Hooks  
  80  6:59  Zergling x2  
  80  7:00  Zergling x12  
  85  7:22  Spore Crawler  
  84  7:23  Spore Crawler  
  84  7:25  Overlord x2  
  83  7:33  Drone x9  
  92  7:50  Queen  
  94  8:16  Drone x10  
  104  8:34  Overlord x2  
  104  8:52  Queen  
  107  9:02  Zergling x2  
  107  9:03  Zergling x26  
  120  9:11  Baneling x2  
  120  9:13  Zerg Ground Armor Level 2, Zerg Melee Weapons Level 2  
  120  9:26  Overlord x4  
  120  9:39  Infestation Pit  
  120  9:41  Burrow  
  122  9:45  Drone x7  
  122  9:47  Extractor  
  122  9:49  Extractor  
  115  10:23  Zergling x2  
  115  10:24  Zergling x58  
  115  10:25  Zergling x2  
  146  10:42  Hatchery  
  145  10:46  Hive  
  145  10:54  Spire  
  144  10:59  Baneling  
  144  11:00  Baneling x8  
  136  11:14  Zergling x28  
  136  11:15  Zergling x2  
  151  11:27  Overlord x4, Extractor  
  151  11:28  Overlord, Extractor  
  149  11:38  Drone x2  
  151  12:05  Queen  
  153  12:09  Baneling x8  
  153  12:10  Baneling x5  
  153  12:14  Zerg Melee Weapons Level 3  
  153  12:15  Zerg Ground Armor Level 3  
  153  12:18  Pathogen Glands  
  153  12:20  Infestor x6  
  153  12:21  Infestor  
  162  13:10  Zergling x44  
  162  13:11  Zergling x12  
  190  13:20  Greater Spire  
  190  13:22  Overlord x3  
  190  13:26  Drone x7  
  197  13:28  Overlord  
  108  13:59  Zergling x44  
  130  14:18  Zergling x26  
  130  14:22  Baneling  
  130  14:23  Baneling x23  
  130  14:24  Baneling x2  
  143  14:38  Corruptor x10  
  163  15:21  Ultralisk Cavern  
  162  15:48  Brood Lord x8  
  133  16:23  Zergling x4, Ultralisk x5  
  133  16:24  Zergling x18  
  133  16:25  Zergling x52  
  200  16:59  Extractor  
  200  17:01  Extractor  
  134  17:17  Zergling x4  
  134  17:18  Zergling x40  
  101  17:52  Corruptor  
  101  17:53  Corruptor x11  
  119  18:25  Brood Lord x4  
  119  18:26  Brood Lord  
  129  18:35  Ultralisk x4  
  153  19:14  Hatchery  
  152  19:18  Corruptor  
  152  19:19  Corruptor x5  
  132  19:55  Corruptor x6  
  106  20:29  Hydralisk Den  
  105  20:52  Ultralisk x4  
  129  20:59  Muscular Augments  
  129  21:01  Hydralisk  
  129  21:02  Hydralisk x3  
  135  21:14  Drone x7  
  142  21:32  Hydralisk  
  142  21:33  Hydralisk x4  
  152  21:45  Extractor  
  151  21:48  Extractor  
  130  22:24  Hydralisk x4  
  130  22:25  Hydralisk x15  
  134  22:58  Grooved Spines  
  134  22:59  Zergling x4  
  134  23:00  Zergling x42  
  134  23:02  Hatchery  
  118  23:52  Zergling x38  
  118  23:53  Zergling x20  
  118  23:55  Hydralisk x8  
  140  24:10  Ultralisk  
  140  24:11  Ultralisk  
  140  24:15  Baneling x7  
  152  24:19  Queen  
  148  24:50  Zerg Missile Weapons Level 1  
  124  25:07  Ultralisk x4  
  124  25:08  Ultralisk  
  153  25:30  Queen  
  153  25:31  Hydralisk  
  153  25:32  Hydralisk x8  
  143  26:10  Ultralisk  
  143  26:11  Ultralisk x2  
  141  26:36  Hydralisk x8  
  130  27:40  Hydralisk x11  
  130  27:41  Hydralisk x12  
  158  28:24  Hatchery  
  157  28:28  Zergling x12, Ultralisk  
  157  28:29  Ultralisk x2  
Tags
 
Composition
Bio Tank
Matchup
TvZ
Spawn Locations
Cross Positions
Add a new tag
Caveats
  • Supply blocks, unpowered buildings, or Contaminate may cause inaccurate times.
  • Supply counts are checked every 10 seconds.